 Dungeon Crawl Stone Soup version 0.29-a0-323-g050149af67 (webtiles) character file.

Game seed: 16572652248921155445

317 Jortsu the Ruffian (level 6, -5/57 HPs)
             Began as a Troll Hunter on Apr 11, 2022.
             Was a Believer of Jiyva.
             Slain by Blork the orc
             ... wielding a +6 vorpal trident
              (6 damage)
             ... on level 4 of the Dungeon.
             The game lasted 00:05:21 (2776 turns).

Jortsu the Ruffian (Troll Hunter)                   Turns: 2776, Time: 00:05:22

Health: -5/57      AC:  6    Str: 26    XL:     6   Next: 20%
Magic:  0/5        EV: 10    Int:  5    God:    Jiyva [**....]
Gold:   138        SH:  0    Dex: 15    Spells: 5/5 levels left

rFire   . . .      SeeInvis .   g - +0 giant spiked club
rCold   . . .      Faith    .   (shield currently unavailable)
rNeg    . . .      Spirit   +   b - +0 robe
rPois   .          Reflect  .   h - +2 hat
rElec   .          Harm     .   (no cloak)
rCorr   +          Rampage  .   (gloves unavailable)
Will    .....                   (boots unavailable)
Stlth   +++.......              k - amulet of guardian spirit
HPRegen 1.95/turn               j - ring "Mirghalo" {Str+6 Stlth+}
MPRegen 0.39/turn               (no ring)

@: no status effects
A: large, unfitting armour, claws 3, regeneration 1, shaggy fur 1, tough skin 1
a: Renounce Religion


You were on level 4 of the Dungeon.
You worshipped Jiyva.
Jiyva was pleased with you.
You visited 1 branch of the dungeon, and saw 4 of its levels.

You collected 138 gold pieces.

Inventory:

Hand Weapons
 a - a +1 hunting sling
 g - a +0 giant spiked club (weapon)
Armour
 b - a +0 robe (worn)
 h - a +2 hat (worn)
Jewellery
 j - the ring "Mirghalo" (left claw) {Str+6 Stlth+}
   (You found it on level 4 of the Dungeon)

   [ring of strength]

   Str:       It affects your strength (+6).
   Stlth:     It makes you more stealthy.
 k - an amulet of guardian spirit (around neck)
Scrolls
 c - 3 scrolls of immolation
 i - a scroll of enchant weapon
Potions
 d - a potion of flight
 e - a potion of curing
 f - a potion of haste {unknown}


   Skills:
 + Level 2.1 Fighting
 + Level 0.8 Maces & Flails
 + Level 3.1 Slings
 + Level 2.9 Dodging
 + Level 1.1 Stealth
 + Level 3.8 Unarmed Combat


You had 5 spell levels left.
You didn't know any spells.
Your spell library was empty.

Dungeon Overview and Level Annotations

Branches:
Dungeon (4/15)
 Temple: D:4-7

Altars:
Hepliaklqana
Jiyva

Annotations:
D:4 Blork the orc


Innate Abilities, Weirdness & Mutations

You are too large for most types of armour.
You have claws for hands.
Your natural rate of healing is unusually fast.
You are covered in fur. (AC +1)
You have tough skin. (AC +1)


Message History

Blork the orc hits you with a +6 vorpal trident.
You completely miss Blork the orc.
Blork the orc is heavily wounded.
Blork the orc hits you with a +6 vorpal trident.
Blork the orc hits you but does no damage.
You hit Blork the orc.
Blork the orc is heavily wounded.
Blork the orc misses you. Blork the orc barely misses you.
You closely miss Blork the orc.
Blork the orc is heavily wounded.
Blork the orc closely misses you.
You barely miss Blork the orc.
Blork the orc is heavily wounded.
Blork the orc hits you with a +6 vorpal trident! x2
You closely miss Blork the orc.
Blork the orc is heavily wounded.
Blork the orc closely misses you.
Blork the orc hits you with a +6 vorpal trident!
* * * LOW HITPOINT WARNING * * *
You barely miss Blork the orc.
Blork the orc is heavily wounded.
Blork the orc hits you with a +6 vorpal trident!
* * * LOW HITPOINT WARNING * * *
x2 Blork the orc barely misses you.
You barely miss Blork the orc.
Blork the orc is heavily wounded.
Blork the orc barely misses you.
You barely miss Blork the orc.
Blork the orc is heavily wounded.
Blork the orc casts a spell at you. The magic dart hits you.
* * * LOW HITPOINT WARNING * * *
Blork the orc closely misses you.
You barely miss Blork the orc.
Blork the orc is heavily wounded.
Blork the orc casts a spell at you. The magic dart hits you!
* * * LOW HITPOINT WARNING * * *
Blork the orc hits you with a +6 vorpal trident.
You die...

### ##.###### #.#
#.#.....##### ...
##.###....... #.# #.#
#.#####. #.# #.# #.# #.
#.######.####.###.# #.
........#.........# #.
#.######.###..##..# ##
#.....o@..##.###..######
#.######..##.# #..##..(.
#..##.# #..##.### #..##.#
#..##.# #..##.###..##.#
#......J...##.#
###.##.###.###.## #..
#...##.###.##...## #.#
########...##..........>.


You could see Blork the orc.

Vanquished Creatures
  An ogre (D:4)
  A howler monkey (D:4)
  An orc wizard (D:3)
  4 gnolls (D:4)
  5 adders
  A dart slug (D:4)
  3 orcs (D:3)
  3 ball pythons
  5 bats
  7 endoplasms
  3 giant cockroaches
  13 goblins
  7 hobgoblins
  7 jackals
  4 quokkas
  2 frilled lizards
  11 kobolds
  A rat (D:2)
79 creatures vanquished.

Vanquished Creatures (others)
  2 jellies (D:4)
  Robin (D:4)
  2 adders (D:4)
  A dart slug (D:4)
  3 hobgoblins
  A kobold (D:4)
  A ball python (D:3)
  3 goblins (D:4)
14 creatures vanquished.

Grand Total: 93 creatures vanquished

Notes
Turn   | Place    | Note
-------+----------+-------------------------------------------
     0 | D:1      | Jortsu the Troll Hunter began the quest for the Orb.
     0 | D:1      | Reached XP level 1. HP: 19/19 MP: 0/0
   138 | D:1      | Reached XP level 2. HP: 27/27 MP: 1/1
   865 | D:2      | Reached XP level 3. HP: 33/33 MP: 2/2
   919 | D:2      | Reached skill level 1 in Unarmed Combat
  1222 | D:2      | Reached XP level 4. HP: 41/41 MP: 3/3
  1554 | D:3      | Found a faded altar of an unknown god.
  1568 | D:3      | Prayed at the altar of an unknown god.
  1568 | D:3      | Became a worshipper of Jiyva Jeten the Shapeless
  1568 | D:3      | Reached * piety under Jiyva
  1922 | D:3      | Found a hazy altar of Hepliaklqana.
  2116 | D:3      | Reached ** piety under Jiyva
  2234 | D:3      | You fall into a shaft and drop 1 floor!
  2292 | D:4      | Reached XP level 5. HP: 49/49 MP: 4/4
  2407 | D:4      | Noticed an ogre
  2423 | D:4      | Killed an ogre
  2424 | D:4      | Reached skill level 1 in Stealth
  2524 | D:4      | Reached XP level 6. HP: 57/57 MP: 5/5
  2555 | D:4      | Killed Robin
  2705 | D:4      | Identified the ring "Mirghalo" {Str+6 Stlth+}
  2758 | D:4      | Noticed Blork the orc
  2773 | D:4      | HP: 1/57 [Blork the orc/+6 vorpal trident (3)]
  2776 | D:4      | Slain by Blork the orc

Illustrated notes

Levels and vault maps discovered:
D:1:      amcnicky_arrival_choice, layout_basic, nrook_loot_triangle
D:2:      layout_basic
D:3:      layout_basic, overflow_temple_1_default, serial_corexii_hall,
          corexii_hall_statues_t, chequers_hall_statues_y,
          hellmonk_ecumenical_altar_zigzags
D:4:      black_bear_nest_1, layout_loops_ring, uniq_blork_the_orc, uniq_robin

Skill      XL: |  1  2  3  4  5 |
---------------+----------------+-----
Dodging        | 2 |  2.9
Slings         | 3 |  3.1
Unarmed Combat | 1 2 3 |  3.8
Fighting       | 2 |  2.1
Stealth        | 1 |  1.1
Maces & Flails | |  0.8

Action                   |  1- 3 |  4- 6 || total
-------------------------+-------+-------++-------
Melee: Unarmed           |   135 |   103 ||   238
       Giant spiked club |       |   117 ||   117
       Punch             |       |     1 ||     1
  Use: Scroll            |     5 |     1 ||     6
       Potion            |       |     1 ||     1
 Stab: Sleeping          |     1 |     2 ||     3
Armor: Robe              |    69 |   119 ||   188
Dodge: Dodged            |    87 |   131 ||   218

Table legend: (Time is in decaauts)
 A = Elapsed time spent in this place.
 B = Non-inter-level travel time spent in this place.
 C = Inter-level travel time spent in this place.
 D = Time resting spent in this place.
 E = Time spent auto-exploring this place.
 F = Levels seen in this place.
 G = Mean time per level.
                   A        B        C        D        E       F      G
               +--------+--------+--------+--------+--------+-----+--------+
         Total |   2858 |   2845 |     13 |    110 |   1743 |   4 |  714.5 |
       Dungeon |   2858 |   2845 |     13 |    110 |   1743 |   4 |  714.5 |
               +--------+--------+--------+--------+--------+-----+--------+

Top non-repeatable levels by time:
     D:3: 873 daAuts
     D:1: 834 daAuts
     D:4: 628 daAuts
     D:2: 522 daAuts
